Dumais falls to 10+ coastals

Match 26017000
End
Selects Italian Coastal Battlegroup
Selects Coastal Reserves
Coastal Reserve
Coastal Reserve
Coastal Reserve
Coastal Reserve
Construct Infanterie Kompanie
Infanterie Officer Quarters
Coastal Reserve
Medical Bunker
Selects Artillery Officer
Coastal Reserve
Artillery Officer
Construct Panzergrenadier Kompanie
Coastal Reserve
Coastal Reserve
Selects Coastal Wall
Coastal Reserve
Coastal Reserve
Coastal Reserve
Pak 40 Anti-tank Gun Team
Selects Support Bunkers
Selects Designated Artillery Overwatch
Pak 40 Anti-tank Gun Team
Pak 40 Anti-tank Gun Team
Selects Bulwark
Coastal Reserve
Coastal Reserve
Panzergrenadier Officer Quarters
Anti-tank Bunker
MG 42 Bunker
Designated Artillery Overwatch
FutureNP
Dumais
0
0

Comments sign in to comment!

No comments posted yet!